 Dungeon Crawl Stone Soup version 0.23.1-42-g8abd8fc (webtiles) character file.

Game seed: 13840867121091961781

218 sagitran the Sneak (level 6, 0/43 HPs)
             Began as a Human Wanderer on Mar 30, 2019.
             Slain by a phantom (9 damage)
             ... on level 3 of the Dungeon.
             The game lasted 00:22:42 (3550 turns).

sagitran the Sneak (Human Wanderer)                 Turns: 3550, Time: 00:22:43

Health: 0/43       AC:  2    Str: 12      XL:     6   Next: 17%
Magic:  7/7        EV: 12    Int: 14      God:
Gold:   111        SH:  0    Dex: 16 (17) Spells: 2/6 levels left

rFire    . . .     SeeInvis .   t - +4 club
rCold    . . .     Gourm    .   (no shield)
rNeg     . . .     Faith    .   e - +0 robe
rPois    .         Spirit   .   (no helmet)
rElec    .         Reflect  .   (no cloak)
rCorr    .         Harm     .   (no gloves)
MR       .....                  (no boots)
Stlth    ++++......             (no amulet)
HPRegen  0.14/turn              c - ring of stealth
MPRegen  0.10/turn              v - +6 ring of dexterity

@: no status effects
A: talons 2, deterioration 1, dopey 1
a: no special abilities


You were on level 3 of the Dungeon.
You were not hungry.

You visited 1 branch of the dungeon, and saw 4 of its levels.

You collected 111 gold pieces.

Inventory:

Hand Weapons
 a - a +2 dagger
 n - a +0 blowgun
 t - a +4 club (weapon)
Missiles
 h - 3 curare-tipped needles
 r - 3 poisoned needles
Armour
 e - a +0 robe (worn)
 l - a +0 pair of boots
Jewellery
 b - an uncursed ring of resist corrosion
 c - a ring of stealth (left hand)
 v - a +6 ring of dexterity (right hand)
Wands
 p - a wand of digging (5)
Scrolls
 g - a scroll of teleportation {unknown}
 o - a scroll of immolation {unknown}
 q - 2 scrolls of magic mapping
 u - 2 scrolls of identify
Potions
 d - 2 potions of magic
 i - a potion of might
 j - a potion of invisibility
 k - 2 potions of flight
 w - a potion of berserk rage {unknown}
Comestibles
 f - 7 rations


   Skills:
 + Level 1.0 Fighting
 + Level 1.7 Short Blades
 + Level 0.1 Maces & Flails
   Level 1.0 Polearms
 + Level 1.3 Dodging
 + Level 4.9 Stealth
   Level 1.0 Shields
 + Level 0.8 Spellcasting
 + Level 0.8 Conjurations
 + Level 3.0 Translocations
   Level 2.0 Fire Magic
 + Level 1.0 Poison Magic
 + Level 1.0 Evocations


You had 2 spell levels left.
You knew the following spells:

 Your Spells              Type           Power        Failure   Level  Hunger
a - Sting                 Conj/Pois      #...         19%         1    ##.....
b - Teleport Other        Tloc           #.......     22%         3    ####...

Your spell library contained the following spells:

 Spells                   Type           Power        Failure   Level  Hunger
 Apportation              Tloc           #.....       8%          1    ##.....
 Ignite Poison            Fire/Tmut/Pois #.......     47%         3    ####...


Dungeon Overview and Level Annotations

Branches:
Dungeon (4/15)
 Temple: D:4-7

Altars:


Innate Abilities, Weirdness & Mutations

You have razor-sharp toenails.
Your body sometimes deteriorates upon taking damage.
You are dopey. (Int -2)


Message History

The phantom is lightly damaged.
You feel less invigorated.
You feel less confused. The jackal misses you. The phantom hits you!
The phantom blinks!
The jackal closely misses you.
You hit the jackal.
You kill the jackal!
The phantom hits you!
* * * LOW HITPOINT WARNING * * *
The phantom blinks!
You see here a jackal corpse.
You hit the phantom. You claw the phantom, but do no damage.
The phantom is lightly damaged.
The phantom hits you!
* * * LOW HITPOINT WARNING * * *
You feel better.
The phantom blinks!
You hit the phantom.
The phantom is lightly damaged.
The phantom hits you!
You die...

.............## #.# ###.#
######.##.....# #.# #...#
######.##...#.# #.# #.###
.......##...#.########.# #.#
.########.....##....##.## #.#
.#.#######....##........# #.#
...#.....'....)'....##### #.#
##.#.#####...#.#....#...# #.#
.............).§@>#.#.#.###.####
##.#.#######....#W#.#.#........#
...#.# #.##.§.#.#.#####.##.#
####)# #.#......#.#####.##.#
....[# #.#....###.#)....##.#
###### #.#..#.###.#.######.##
#.#..#................
#.#..#.#.###.######.## ###
#.#..#.#.# #...# #...


You could see a phantom.

Vanquished Creatures
  A scorpion (D:3)
  An orc wizard (D:3)
  Ijyb (D:3)
  3 adders
  A worm (D:2)
  3 leopard geckos
  4 orcs (D:3)
  2 ball pythons
  6 giant cockroaches
  10 goblins
  5 hobgoblins
  7 jackals
  12 kobolds
  A quokka (D:2)
  9 bats
  5 frilled lizards
  4 rats
75 creatures vanquished.

Notes
Turn   | Place    | Note
-------+----------+-------------------------------------------
     0 | D:1      | sagitran the Human Wanderer began the quest for the Orb.
     0 | D:1      | sagitran set off with the following items: a +2 dagger, a
                  | potion of heal wounds, a +0 robe, a ration; and the
                  | following spells available to memorise: Apportation,
                  | Teleport Other, Sting, Ignite Poison
     0 | D:1      | Reached XP level 1. HP: 13/13 MP: 1/1
    91 | D:1      | Reached XP level 2. HP: 19/19 MP: 2/2
   150 | D:1      | Reached skill level 3 in Stealth
   362 | D:1      | Learned a level 1 spell: Sting
   497 | D:1      | Reached XP level 3. HP: 19/24 MP: 3/3
  1878 | D:2      | Reached XP level 4. HP: 30/30 MP: 4/4
  2027 | D:2      | Reached skill level 1 in Short Blades
  2037 | D:2      | Reached skill level 4 in Stealth
  2568 | D:3      | Noticed Ijyb
  2592 | D:3      | Killed Ijyb
  2682 | D:3      | Reached XP level 5. HP: 34/36 MP: 3/5
  2688 | D:3      | Learned a level 3 spell: Teleport Other
  2827 | D:3      | Reached skill level 1 in Dodging
  3066 | D:3      | Gained mutation: You have sharp toenails. [potion of
                  | mutation]
  3066 | D:3      | Gained mutation: You are dopey. (Int -2) [potion of
                  | mutation]
  3066 | D:3      | Gained mutation: Your body sometimes deteriorates upon
                  | taking damage. [potion of mutation]
  3066 | D:3      | Gained mutation: You have razor-sharp toenails. [potion of
                  | mutation]
  3351 | D:3      | Reached skill level 1 in Poison Magic
  3351 | D:3      | Reached XP level 6. HP: 32/42 MP: 5/7
  3383 | D:3      | Reached skill level 1 in Fighting
  3502 | D:4      | Noticed a phantom
  3509 | D:4      | Noticed an ogre
  3526 | D:4      | Noticed a phantom
  3548 | D:3      | HP: 1/43 [phantom (9)]
  3550 | D:3      | Slain by a phantom

Skill      XL: |  1  2  3  4  5  6 |
---------------+-------------------+-----
Stealth        | 3 4 |  4.9
Short Blades   | 1 |  1.7
Dodging        | 1 |  1.3
Poison Magic   | 1 |  1.0
Fighting       | 1 |  1.0
Maces & Flails | |  0.1
Polearms       | |  1.0
Shields        | |  1.0
Spellcasting   | |  0.8
Conjurations   | |  0.8
Translocations | |  3.0
Fire Magic     | |  2.0
Evocations     | |  1.0

Action                   |  1- 3 |  4- 6 || total
-------------------------+-------+-------++-------
Melee: Dagger            |   101 |    59 ||   160
       Club              |       |    26 ||    26
       Kick              |       |     2 ||     2
 Fire: Blowgun           |       |    12 ||    12
 Cast: Sting             |     8 |    19 ||    27
       Teleport Other    |       |     3 ||     3
  Use: Potion            |     2 |     5 ||     7
       Scroll            |     4 |     6 ||    10
 Stab: Sleeping          |    15 |     8 ||    23
  Eat: Ration            |     1 |     2 ||     3
Armor: Robe              |    27 |    19 ||    46
       Skin              |       |    17 ||    17
Dodge: Dodged            |    54 |    58 ||   112
